NWL (28 & UNDER)
BALZAC RAMS @ BISMARCK BARONS
09/03/2023
 
TOP OF THE 1ST
Balzac Rams batting - Pitching for Bismarck Barons : LHP Tim Miller
Pitching: LHP Tim Miller
Batting: RHB Thomas Christopher 0-0: Foul Ball, location: 2F
0-1: Ball
1-1: Foul Ball, location: 2F
1-2: Hit by Pitch
Batting: RHB Tokuhei Kobayashi 0-0: SINGLE (Line Drive, 56D)
Thomas Christopher to second
Thomas Christopher to third
Batting: RHB Kent O'Cloonan 0-0: Swinging Strike
Pickoff Throw by Catcher to First - Out!
0-1: Swinging Strike
0-2: Strikes out swinging
Batting: SHB Chris Bennis 0-0: Foul Ball, location: 2F
0-1: Ball
1-1: Ball
2-1: Ball
3-1: Base on Balls
Batting: LHB José Berroa 0-0: Ball
1-0: Fly out, F7 (Flyball, 78S)
Top of the 1st over - 0 run(s), 1 hit(s), 0 error(s), 2 left on base; Balzac 0 - Bismarck 0
BOTTOM OF THE 1ST
Bismarck Barons batting - Pitching for Balzac Rams : RHP Andrew Barnard
Pitching: RHP Andrew Barnard
Batting: RHB Jorge Espinosa 0-0: Ball
1-0: Called Strike
1-1: Called Strike
1-2: Foul Ball, location: 2F
1-2: Foul Ball, location: 2F
1-2: Foul Ball, location: 2F
1-2: Ground out 1-3 (Groundball, 15S)
Batting: LHB Dave Gray 0-0: Called Strike
0-1: Swinging Strike
0-2: Ball
1-2: Ball
2-2: Foul Ball, location: 2F
2-2: Ball
3-2: Reached on error, E1 (Groundball, 13S)
Batting: RHB Jack Bailey 0-0: Called Strike
0-1: Swinging Strike
0-2: Ball
1-2: Foul Ball, location: 2F
1-2: Ball
2-2: Ball
3-2: SINGLE (Groundball, 6MD)
Dave Gray to second
Batting: RHB Paul Ladd 0-0: Called Strike
0-1: Grounds into double play, 1-6-3 (Groundball, 13S)
Bottom of the 1st over - 0 run(s), 1 hit(s), 1 error(s), 1 left on base; Balzac 0 - Bismarck 0
TOP OF THE 2ND
Balzac Rams batting - Pitching for Bismarck Barons : LHP Tim Miller
Batting: RHB Dave Craig 0-0: Ball
1-0: Ball
2-0: SINGLE (Line Drive, 4MD)
Batting: LHB Colt Pope 0-0: Swinging Strike
0-1: Ball
1-1: Ball
2-1: Foul Ball, location: 2F
2-2: Fielders Choice at 2nd, 3-6 (Groundball, 3)
Batting: RHB Manuel Pérez 0-0: Called Strike
0-1: Swinging Strike
0-2: Ball
Wild Pitch!
Colt Pope to second
1-2: Ball
2-2: Foul Ball, location: 2F
2-2: Foul Ball, location: 2F
2-2: Strikes out looking
Batting: RHB Félix Quintero 0-0: Swinging Strike
0-1: Foul Ball, location: 2F
0-2: Strikes out looking
Top of the 2nd over - 0 run(s), 1 hit(s), 0 error(s), 1 left on base; Balzac 0 - Bismarck 0
BOTTOM OF THE 2ND
Bismarck Barons batting - Pitching for Balzac Rams : RHP Andrew Barnard
Batting: RHB Kiyomitsu Shinoda 0-0: Foul Ball, location: 2F
0-1: Swinging Strike
0-2: Ball
1-2: Foul Ball, location: 2F
1-2: Strikes out swinging
Batting: RHB Gil Watcham 0-0: Ball
1-0: Ground out 5-3 (Groundball, 5L)
Batting: RHB Benito Minardi 0-0: SINGLE (Groundball, 6M) (infield hit)
Batting: RHB Miguel Hernández 0-0: Ball
1-0: Called Strike
1-1: Ball
2-1: Ball
3-1: Swinging Strike
3-2: Base on Balls
Benito Minardi to second
Batting: LHB Paco Sandoval 0-0: Called Strike
0-1: Foul Ball, location: 2F
0-2: Ball
1-2: Foul Ball, location: 2F
1-2: Ball
2-2: Ball
3-2: Ground out 4-3 (Groundball, 4)
Bottom of the 2nd over - 0 run(s), 1 hit(s), 0 error(s), 2 left on base; Balzac 0 - Bismarck 0
TOP OF THE 3RD
Balzac Rams batting - Pitching for Bismarck Barons : LHP Tim Miller
Batting: RHB Thomas Christopher 0-0: Ball
1-0: Ball
2-0: Fly out, F2 (Popup, 2LF)
Batting: RHB Tokuhei Kobayashi 0-0: Ball
1-0: Swinging Strike
1-1: Ball
2-1: Fly out, F9 (Popup, 89S)
Batting: RHB Kent O'Cloonan 0-0: Fly out, F7 (Line Drive, 7S)
Top of the 3rd over - 0 run(s), 0 hit(s), 0 error(s), 0 left on base; Balzac 0 - Bismarck 0
BOTTOM OF THE 3RD
Bismarck Barons batting - Pitching for Balzac Rams : RHP Andrew Barnard
Batting: RHB Jorge Espinosa 0-0: Bunted foul
0-1: Swinging Strike
0-2: Ball
1-2: Ball
2-2: Ball
3-2: Base on Balls
Batting: LHB Dave Gray 0-0: Ball
1-0: Ball
2-0: Ball
3-0: Called Strike
3-1: Base on Balls
Jorge Espinosa to second
Batting: RHB Jack Bailey 0-0: Swinging Strike
0-1: Ground out 5-3 (Groundball, 5S)
Jorge Espinosa to third
Dave Gray to second
Batting: RHB Paul Ladd 0-0: Ball
1-0: Ball
2-0: Foul Ball, location: 2F
2-1: Called Strike
2-2: Foul Ball, location: 2F
2-2: Ground out 5-3 (Groundball, 56S)
Jorge Espinosa scores
Dave Gray to third
Batting: RHB Kiyomitsu Shinoda 0-0: Ball
Passed Ball!
Dave Gray scores
1-0: Called Strike
1-1: Swinging Strike
1-2: Foul Ball, location: 2F
1-2: SOLO HOME RUN (Flyball, 8RXD), Distance : 419 ft
Batting: RHB Gil Watcham 0-0: Reached on error, E6 (Groundball, 6)
Batting: RHB Benito Minardi 0-0: Foul Ball, location: 2F
0-1: Ground out 6-3 (Groundball, 6M)
Bottom of the 3rd over - 3 run(s), 1 hit(s), 1 error(s), 1 left on base; Balzac 0 - Bismarck 3
TOP OF THE 4TH
Balzac Rams batting - Pitching for Bismarck Barons : LHP Tim Miller
Batting: SHB Chris Bennis 0-0: Foul Ball, location: 2F
0-1: Ball
1-1: Called Strike
1-2: Strikes out swinging
Batting: LHB José Berroa 0-0: Called Strike
0-1: Swinging Strike
0-2: Ball
1-2: Ball
2-2: Ball
3-2: Strikes out swinging
Batting: RHB Dave Craig 0-0: Fly out, F7 (Flyball, 7D)
Top of the 4th over - 0 run(s), 0 hit(s), 0 error(s), 0 left on base; Balzac 0 - Bismarck 3
BOTTOM OF THE 4TH
Bismarck Barons batting - Pitching for Balzac Rams : RHP Andrew Barnard
Batting: RHB Miguel Hernández 0-0: Ball
1-0: Called Strike
1-1: Foul Ball, location: 2F
1-2: SINGLE (Line Drive, 6M)
Pitching: RHP T.J. Olson
Batting: LHB Paco Sandoval 0-0: Called Strike
0-1: Foul Ball, location: 2F
0-2: Ball
1-2: Ball
2-2: Foul Ball, location: 2F
2-2: SINGLE (Groundball, 4MD)
Miguel Hernández to second
Batting: RHB Jorge Espinosa 0-0: Called Strike
0-1: Swinging Strike
0-2: Grounds into double play, U6-3 (Groundball, 6)
Miguel Hernández to third
Batting: LHB Dave Gray 0-0: Fly out, F9 (Flyball, 9M)
Bottom of the 4th over - 0 run(s), 2 hit(s), 0 error(s), 1 left on base; Balzac 0 - Bismarck 3
TOP OF THE 5TH
Balzac Rams batting - Pitching for Bismarck Barons : LHP Tim Miller
Batting: LHB Colt Pope 0-0: Called Strike
0-1: Swinging Strike
0-2: Foul Ball, location: 2F
0-2: Foul Ball, location: 2F
0-2: Ball
1-2: Foul Ball, location: 2F
1-2: Ball
2-2: Ball
3-2: Ground out 6-3 (Groundball, 6M)
Batting: RHB Manuel Pérez 0-0: Called Strike
0-1: Fly out, F7 (Line Drive, 7LM)
Batting: RHB Félix Quintero 0-0: Ball
1-0: Ball
2-0: Foul Ball, location: 2F
2-1: SINGLE (Line Drive, 78S)
Batting: RHB Thomas Christopher 0-0: Ball
1-0: Foul Ball, location: 2F
1-1: Ground out 5-3 (Groundball, 5L)
Top of the 5th over - 0 run(s), 1 hit(s), 0 error(s), 1 left on base; Balzac 0 - Bismarck 3
BOTTOM OF THE 5TH
Bismarck Barons batting - Pitching for Balzac Rams : RHP T.J. Olson
Batting: RHB Jack Bailey 0-0: Ball
1-0: Swinging Strike
1-1: Foul Ball, location: 2F
1-2: Foul Ball, location: 2F
1-2: Foul Ball, location: 2F
1-2: Hit by Pitch
Batting: RHB Paul Ladd 0-0: Ball
1-0: Called Strike
Jack Bailey steals 2nd base
1-1: Foul Ball, location: 2F
1-2: Ball
2-2: Strikes out swinging
Batting: RHB Kiyomitsu Shinoda 0-0: Called Strike
0-1: Called Strike
0-2: Foul Ball, location: 2F
0-2: Foul Ball, location: 2F
0-2: Strikes out swinging
Batting: RHB Gil Watcham 0-0: Fly out, F9 (Flyball, 9M)
Bottom of the 5th over - 0 run(s), 0 hit(s), 0 error(s), 1 left on base; Balzac 0 - Bismarck 3
TOP OF THE 6TH
Balzac Rams batting - Pitching for Bismarck Barons : LHP Tim Miller
Batting: RHB Tokuhei Kobayashi 0-0: Ball
1-0: Called Strike
1-1: Ball
2-1: Foul Ball, location: 2F
2-2: Ball
3-2: Foul Ball, location: 2F
3-2: Foul Ball, location: 2F
3-2: Base on Balls
Batting: RHB Kent O'Cloonan 0-0: Grounds into double play, 6-4-3 (Groundball, 6)
Batting: SHB Chris Bennis 0-0: Swinging Strike
0-1: Ball
1-1: Called Strike
1-2: Ball
2-2: Foul Ball, location: 2F
2-2: Ball
3-2: Foul Ball, location: 2F
3-2: Foul Ball, location: 2F
3-2: Foul Ball, location: 2F
3-2: Foul Ball, location: 2F
3-2: Foul Ball, location: 2F
3-2: Base on Balls
Batting: LHB José Berroa 0-0: Ball
1-0: Called Strike
1-1: Foul Ball, location: 2F
1-2: Foul Ball, location: 2F
1-2: Ball
2-2: Ball
3-2: Foul Ball, location: 2F
3-2: Foul Ball, location: 2F
3-2: SINGLE (Line Drive, 7S)
Chris Bennis to second
Chris Bennis to third
Pitching: RHP Mike Hodges
Batting: RHB Dave Craig 0-0: Ground out 1-3 (Groundball, 15)
Top of the 6th over - 0 run(s), 1 hit(s), 0 error(s), 2 left on base; Balzac 0 - Bismarck 3
BOTTOM OF THE 6TH
Bismarck Barons batting - Pitching for Balzac Rams : RHP T.J. Olson
Batting: RHB Benito Minardi 0-0: Ball
1-0: Foul Ball, location: 2F
1-1: Foul Ball, location: 2F
1-2: Fly out, F8 (Flyball, 8LXD)
Batting: RHB Miguel Hernández 0-0: Ball
1-0: Swinging Strike
1-1: Ball
2-1: Foul Ball, location: 2F
2-2: Strikes out swinging
Batting: LHB Paco Sandoval 0-0: Ball
1-0: Foul Ball, location: 2F
1-1: Ground out 2-3 (Groundball, 2L)
Bottom of the 6th over - 0 run(s), 0 hit(s), 0 error(s), 0 left on base; Balzac 0 - Bismarck 3
TOP OF THE 7TH
Balzac Rams batting - Pitching for Bismarck Barons : RHP Mike Hodges
Batting: LHB Colt Pope 0-0: SINGLE (Line Drive, 56D)
Batting: RHB Manuel Pérez 0-0: SINGLE (Line Drive, 9S)
Colt Pope to second
Batting: RHB Félix Quintero 0-0: Ball
1-0: Ball
2-0: Ball
3-0: Called Strike
3-1: Fly out, F8 (Flyball, 8RM)
Batting: RHB Thomas Christopher 0-0: Called Strike
0-1: SINGLE (Flyball, 8LS)
Colt Pope to third
Manuel Pérez to second
Runner from 3rd tries for Home, SAFE, no throw or cutoff
Batting: RHB Tokuhei Kobayashi 0-0: Called Strike
Manuel Pérez steals 3rd base
Thomas Christopher to second
0-1: SINGLE (Groundball, 6MD)
Manuel Pérez scores
Thomas Christopher to third
Batting: RHB Kent O'Cloonan 0-0: Swinging Strike
0-1: Swinging Strike
0-2: Ball
1-2: Ball
2-2: DOUBLE (Flyball, 89D)
Thomas Christopher scores
Tokuhei Kobayashi to third
Batting: SHB Chris Bennis 0-0: Intentional Walk
Pitching: RHP Dalton Ray
Batting: LHB José Berroa 0-0: Ball
1-0: Called Strike
1-1: Swinging Strike
1-2: Grounds into double play, 4-6-3 (Groundball, 4)
Top of the 7th over - 3 run(s), 5 hit(s), 0 error(s), 2 left on base; Balzac 3 - Bismarck 3
BOTTOM OF THE 7TH
Bismarck Barons batting - Pitching for Balzac Rams : RHP T.J. Olson
Pitching: RHP Ryan Stewart
Batting: RHB Jorge Espinosa 0-0: Ball
1-0: Foul Ball, location: 2F
1-1: Fly out, F7 (Line Drive, 7S)
Batting: LHB Dave Gray 0-0: Ball
1-0: Ball
2-0: Foul Ball, location: 2F
2-1: SINGLE (Line Drive, 34D)
Batting: RHB Jack Bailey 0-0: Called Strike
0-1: Ball
1-1: Foul Ball, location: 2F
1-2: Foul Ball, location: 2F
1-2: Ball
2-2: Ball
3-2: DOUBLE (Flyball, 78XD)
Dave Gray to third
Batting: RHB Paul Ladd 0-0: Foul Ball, location: 2F
0-1: Called Strike
0-2: Strikes out swinging
Batting: RHB Kiyomitsu Shinoda 0-0: Called Strike
0-1: Foul Ball, location: 2F
0-2: Ball
1-2: SINGLE (Flyball, 8RS)
Dave Gray scores
Jack Bailey to third
Runner from 3rd tries for Home, SAFE, no throw or cutoff
Batting: RHB Gil Watcham 0-0: Ball
1-0: Called Strike
1-1: Ball
2-1: Called Strike
2-2: Strikes out looking
Bottom of the 7th over - 2 run(s), 3 hit(s), 0 error(s), 1 left on base; Balzac 3 - Bismarck 5
TOP OF THE 8TH
Balzac Rams batting - Pitching for Bismarck Barons : RHP Dalton Ray
Batting: RHB Dave Craig 0-0: Called Strike
0-1: Ball
1-1: Ball
2-1: Called Strike
2-2: Strikes out swinging
Batting: LHB Colt Pope 0-0: Foul Ball, location: 2F
0-1: SOLO HOME RUN (Flyball, 89XD), Distance : 378 ft
Pitching: RHP José Abacil
Batting: RHB Manuel Pérez 0-0: Foul Ball, location: 2F
0-1: Ball
1-1: Swinging Strike
1-2: Strikes out swinging
Batting: RHB Félix Quintero 0-0: Ball
1-0: Ground out 3-1 (Groundball, 34S)
Top of the 8th over - 1 run(s), 1 hit(s), 0 error(s), 0 left on base; Balzac 4 - Bismarck 5
BOTTOM OF THE 8TH
Bismarck Barons batting - Pitching for Balzac Rams : RHP Ryan Stewart
Pitching: LHP Richard Dorris
Batting: RHB Benito Minardi 0-0: Called Strike
0-1: Ball
1-1: Ball
2-1: Ball
3-1: Ground out 1-3 (Groundball, 25)
Batting: RHB Miguel Hernández 0-0: Ball
1-0: DOUBLE (Line Drive, 9LS)
Batting: LHB Paco Sandoval 0-0: Ground out 4-3 (Groundball, 4)
Miguel Hernández to third
Batting: RHB Jorge Espinosa 0-0: Called Strike
0-1: Called Strike
0-2: Ball
1-2: Ball
2-2: Ground out 4-3 (Groundball, 4S)
Bottom of the 8th over - 0 run(s), 1 hit(s), 0 error(s), 1 left on base; Balzac 4 - Bismarck 5
TOP OF THE 9TH
Balzac Rams batting - Pitching for Bismarck Barons : RHP José Abacil
Pitching: LHP Raúl Sandoval
Batting: RHB Thomas Christopher 0-0: Ball
1-0: Ball
2-0: Swinging Strike
2-1: Called Strike
2-2: Strikes out swinging
Batting: RHB Tokuhei Kobayashi 0-0: Ball
1-0: Ball
2-0: Foul Ball, location: 2F
2-1: SINGLE (Groundball, 25) (infield hit)
Batting: RHB Kent O'Cloonan 0-0: Called Strike
0-1: Ball
1-1: Fly out, F7 (Flyball, 7LM)
Batting: SHB Chris Bennis 0-0: Ball
1-0: Fly out, F8 (Flyball, 8LXD)
Top of the 9th over - 0 run(s), 1 hit(s), 0 error(s), 1 left on base; Balzac 4 - Bismarck 5
This league is powered by Out of the Park Baseball, the baseball management simulation game for PC, Mac and Linux
Wednesday, December 2nd, 2015 - OOTP Baseball 16.8 Build 38